Map: Catalisador LE

Players

DakkoN

  • Race: Terran Terran
  • League: Master
  • Spawn Location: 11:00

LeGallagher - Winner!

  • Race: Terran Terran
  • Spawn Location: 5:00

LeGallagher

  • Race: Protoss Protoss
  • League: Gold

VOD

Have the link to the VOD?

Description

Time

  • Played on: May 5, 2018, 6:58 a.m.
  • Length: 5:15
Show
View Real Time Build Order
Export as new Build Order

DakkoN Terran 

Build Orders: Cyclone Opening, Reaper Expand 

Get SALT Encoding   

  12  0:00  SCV  
  13  0:13  SCV  
  14  0:18  Supply Depot  
  14  0:25  SCV  
  14  0:28  Refinery  
  15  0:39  SCV  
  16  0:45  Barracks  
  16  0:51  SCV  
  17  1:03  SCV  
  18  1:15  SCV  
  19  1:31  Orbital Command  
  19  1:33  Reaper  
  20  1:44  Command Center  
  20  1:49  Refinery  
  20  2:01  Factory  
  20  2:04  SCV  
  20  2:07  Barracks Reactor  
  21  2:16  Supply Depot, SCV  
  22  2:28  SCV  
  23  2:40  SCV  
  24  2:54  Cyclone x2  
  24  2:56  Marine  
  31  2:58  Orbital Command  
  31  3:03  SCV  
  32  3:09  Armory  
  32  3:13  Marine  
  32  3:15  SCV  
  34  3:26  Hellion  
  34  3:27  Hellion  
  38  3:37  SCV  
  39  3:44  SCV  
  39  3:48  Hellion x2  
  44  3:49  SCV  
  45  4:12  SCV  
  46  4:17  Barracks Tech Lab  
  46  4:21  Starport  
  46  4:24  Barracks  
  46  4:26  Barracks  
  46  4:27  Barracks  
  46  5:05  Supply Depot  
  46  5:06  Supply Depot  
Show
View Real Time Build Order
Export as new Build Order

LeGallagher Terran - Winner!

Build Orders:  

Get SALT Encoding   

  12  0:00  Probe  
  13  0:13  Probe  
  14  0:19  Pylon  
  14  0:36  Assimilator  
  14  0:42  Gateway  
  14  0:47  Pylon  
  14  1:15  Assimilator  
  14  1:24  Probe  
  14  1:31  Zealot  
  14  1:32  Probe  
  17  1:34  Cybernetics Core  
  18  1:40  Probe  
  19  1:51  Probe  
  20  2:00  Probe, Warp Gate  
  20  2:08  Probe  
  22  2:45  Stalker  
  24  4:29  Stalker  
  24  4:32  Pylon  
  24  4:33  Probe  
  20  4:44  Pylon  
  17  4:56  Probe  
Show
View Real Time Build Order
Export as new Build Order

LeGallagher Protoss 

Build Orders:  

Get SALT Encoding   

Tags
 
Add a new tag
Caveats
  • Supply blocks, unpowered buildings, or Contaminate may cause inaccurate times.
  • Supply counts are checked every 10 seconds.